TOP OF THE 1ST |
Visalia Rawhide batting - Pitching for Carolina Mudcats : LHP John Grinter
|
Pitching: LHP John Grinter
|
|
Batting: LHB Willie Gutierrez
|
0-0: Ball 1-0: Foul Ball, location: 2F 1-1: Swinging Strike 1-2: Ball 2-2: Foul Ball, location: 2F 2-2: Foul Ball, location: 2F 2-2: Ball 3-2: Ground out 3-1 (Groundball, 34, EV 104.4 MPH)
|
Batting: SHB Blaine Peters
|
0-0: Ball 1-0: Ball 2-0: Ball 3-0: Called Strike 3-1: Called Strike 3-2: Reached on error, E5 (Groundball, 5, EV 83.8 MPH)
|
Batting: RHB Alex Vasquez
|
0-0: Called Strike 0-1: Ball 1-1: Called Strike Blaine Peters steals 2nd, throwing error, E2 Blaine Peters to third 1-2: 2-RUN HOME RUN (Flyball, 7D, EV 95.6 MPH), Distance : 367 ft
|
Batting: RHB Juan Espinoza
|
0-0: Fly out, F8 (Flyball, 89D, EV 101.9 MPH)
|
Batting: RHB Marlon Reda
|
0-0: Called Strike 0-1: Foul Ball, location: 2F 0-2: Ball 1-2: Strikes out swinging
|
Top of the 1st over - 2 runs, 1 hit, 2 errors, 0 left on base; Visalia 2 - Carolina 0 |
BOTTOM OF THE 1ST |
Carolina Mudcats batting - Pitching for Visalia Rawhide : RHP Eric Richards
|
Pitching: RHP Eric Richards
|
|
Batting: RHB Hisayuki Akiyama
|
0-0: Ball 1-0: Swinging Strike 1-1: Swinging Strike 1-2: Strikes out swinging
|
Batting: RHB Joe Young
|
0-0: Ball 1-0: Ball 2-0: Foul Ball, location: 2F 2-1: Foul Ball, location: 2F 2-2: Ball 3-2: Foul Ball, location: 2F 3-2: Foul Ball, location: 2F 3-2: Foul Ball, location: 2F 3-2: Base on Balls
|
Batting: LHB Erik Gretzky
|
0-0: Ball Joe Young steals 2nd base 1-0: Ground out 4-3 (Groundball, 4, EV 106.2 MPH) Joe Young to third
|
Batting: LHB Jae-ik Soung
|
0-0: Ball 1-0: Called Strike 1-1: Ball 2-1: Foul Ball, location: 2F 2-2: Ball 3-2: Foul Ball, location: 2F 3-2: Foul Ball, location: 2F 3-2: Foul Ball, location: 2F 3-2: Base on Balls
|
Batting: SHB Richello Badua
|
0-0: Swinging Strike 0-1: Ground out 4-3 (Groundball, 34D, EV 98.1 MPH)
|
Bottom of the 1st over - 0 runs, 0 hits, 0 errors, 2 left on base; Visalia 2 - Carolina 0 |
TOP OF THE 2ND |
Visalia Rawhide batting - Pitching for Carolina Mudcats : LHP John Grinter
|
Batting: LHB T.J. Duvall
|
0-0: Foul Ball, location: 2F 0-1: Swinging Strike 0-2: Foul Ball, location: 2F 0-2: Ball 1-2: Ball 2-2: Foul Ball, location: 2F 2-2: Strikes out swinging
|
Batting: RHB Chad Mendoza
|
0-0: Ground out 5-3 (Groundball, 56, EV 106.2 MPH)
|
Batting: RHB Jeremy Adams
|
0-0: Ball 1-0: Foul Ball, location: 2F 1-1: Ball 2-1: Ball 3-1: Base on Balls
|
Batting: RHB Sergio Manzanero
|
0-0: Called Strike 0-1: Fielders Choice at 2nd, 5-4 (Groundball, 56, EV 85.0 MPH)
|
Top of the 2nd over - 0 runs, 0 hits, 0 errors, 1 left on base; Visalia 2 - Carolina 0 |
BOTTOM OF THE 2ND |
Carolina Mudcats batting - Pitching for Visalia Rawhide : RHP Eric Richards
|
Batting: LHB Ben Goldstein
|
0-0: Foul Ball, location: 2F 0-1: SOLO HOME RUN (Flyball, 89XD, EV 100.0 MPH), Distance : 386 ft
|
Batting: RHB Josh McCormick
|
0-0: Swinging Strike 0-1: Foul Ball, location: 2F 0-2: Fly out, F8 (Flyball, 8RM, EV 92.5 MPH)
|
Batting: SHB Jordan Barragan
|
0-0: Ground out U3 (Groundball, 34, EV 85.0 MPH)
|
Batting: LHB Malik Boulay
|
0-0: Ground out 4-3 (Groundball, 4, EV 101.9 MPH)
|
Bottom of the 2nd over - 1 run, 1 hit, 0 errors, 0 left on base; Visalia 2 - Carolina 1 |
TOP OF THE 3RD |
Visalia Rawhide batting - Pitching for Carolina Mudcats : LHP John Grinter
|
Batting: LHB Willie Gutierrez
|
0-0: Called Strike 0-1: Called Strike 0-2: Strikes out looking
|
Batting: SHB Blaine Peters
|
0-0: Ball 1-0: Foul Ball, location: 2F 1-1: Foul Ball, location: 2F 1-2: Foul Ball, location: 2F 1-2: Foul Ball, location: 2F 1-2: Ball 2-2: Reached on error, E5 (Groundball, 5, EV 97.5 MPH)
|
Batting: RHB Alex Vasquez
|
0-0: Ball Blaine Peters steals 3rd base 1-0: DOUBLE (Groundball, 5L, EV 105.6 MPH) Blaine Peters scores
|
Batting: RHB Juan Espinoza
|
0-0: Called Strike 0-1: Ball 1-1: Ball 2-1: Foul Ball, location: 2F 2-2: Strikes out looking
|
Batting: RHB Marlon Reda
|
0-0: Called Strike 0-1: Foul Ball, location: 2F 0-2: Ball 1-2: SINGLE (Groundball, 4MD, EV 103.8 MPH) Alex Vasquez to third Runner from 3rd tries for Home, SAFE, throw by CF to home
|
Batting: LHB T.J. Duvall
|
0-0: Foul Ball, location: 2F 0-1: Ball 1-1: Foul Ball, location: 2F 1-2: Strikes out swinging
|
Top of the 3rd over - 2 runs, 2 hits, 1 error, 1 left on base; Visalia 4 - Carolina 1 |
BOTTOM OF THE 3RD |
Carolina Mudcats batting - Pitching for Visalia Rawhide : RHP Eric Richards
|
Batting: RHB Hisayuki Akiyama
|
0-0: Called Strike 0-1: Called Strike 0-2: Ball 1-2: Strikes out swinging
|
Batting: RHB Joe Young
|
0-0: Called Strike 0-1: Ground out 5-3 (Groundball, 56, EV 103.1 MPH)
|
Batting: LHB Erik Gretzky
|
0-0: Ball 1-0: Ball 2-0: Swinging Strike 2-1: Called Strike 2-2: Ball 3-2: Strikes out swinging
|
Bottom of the 3rd over - 0 runs, 0 hits, 0 errors, 0 left on base; Visalia 4 - Carolina 1 |
TOP OF THE 4TH |
Visalia Rawhide batting - Pitching for Carolina Mudcats : LHP John Grinter
|
Batting: RHB Chad Mendoza
|
0-0: Ball 1-0: Called Strike 1-1: Foul Ball, location: 2F 1-2: Strikes out swinging
|
Batting: RHB Jeremy Adams
|
0-0: Ball 1-0: Reached via error on a dropped throw from 3B, E3 (Groundball, 56, EV 91.9 MPH)
|
Batting: RHB Sergio Manzanero
|
0-0: Foul Ball, location: 2F 0-1: Foul Ball, location: 2F 0-2: Ball 1-2: Ball 2-2: Strikes out swinging
|
Batting: LHB Willie Gutierrez
|
0-0: Called Strike 0-1: Ball 1-1: Ball 2-1: SINGLE (Groundball, 6S, EV 71.9 MPH) (infield hit) Jeremy Adams to second
|
Batting: SHB Blaine Peters
|
0-0: Ball 1-0: Foul Ball, location: 2F 1-1: Called Strike 1-2: SINGLE (Groundball, 56D, EV 96.9 MPH) Jeremy Adams to third Willie Gutierrez to second
|
Batting: RHB Alex Vasquez
|
0-0: Called Strike 0-1: Ball 1-1: Ball 2-1: Ball 3-1: Foul Ball, location: 2F 3-2: Base on Balls Jeremy Adams scores Willie Gutierrez to third Blaine Peters to second
|
Pitching: RHP Ruben Valle
|
|
Batting: RHB Juan Espinoza
|
0-0: Called Strike 0-1: Ball 1-1: Foul Ball, location: 2F 1-2: Fly out, F8 (Flyball, 8RM, EV 91.2 MPH)
|
Top of the 4th over - 1 run, 2 hits, 1 error, 3 left on base; Visalia 5 - Carolina 1 |
BOTTOM OF THE 4TH |
Carolina Mudcats batting - Pitching for Visalia Rawhide : RHP Eric Richards
|
Batting: LHB Jae-ik Soung
|
0-0: Fly out, F8 (Flyball, 8RS, EV 78.8 MPH)
|
Batting: SHB Richello Badua
|
0-0: Foul Ball, location: 2F 0-1: Ball 1-1: Called Strike 1-2: Strikes out swinging
|
Batting: LHB Ben Goldstein
|
0-0: Ball 1-0: Foul Ball, location: 2F 1-1: Ground out U3 (Groundball, 3S, EV 70.0 MPH)
|
Bottom of the 4th over - 0 runs, 0 hits, 0 errors, 0 left on base; Visalia 5 - Carolina 1 |
TOP OF THE 5TH |
Visalia Rawhide batting - Pitching for Carolina Mudcats : RHP Ruben Valle
|
Batting: RHB Marlon Reda
|
0-0: Ball 1-0: Called Strike 1-1: Swinging Strike 1-2: Ground out 4-3 (Groundball, 4, EV 100.0 MPH)
|
Batting: LHB T.J. Duvall
|
0-0: Ball 1-0: Ball 2-0: Ball 3-0: Base on Balls
|
Batting: RHB Chad Mendoza
|
0-0: Called Strike T.J. Duvall is caught stealing 2nd base 2-4 0-1: Called Strike 0-2: Ball 1-2: Ground out 4-3 (Groundball, 4M, EV 110.0 MPH)
|
Top of the 5th over - 0 runs, 0 hits, 0 errors, 0 left on base; Visalia 5 - Carolina 1 |
BOTTOM OF THE 5TH |
Carolina Mudcats batting - Pitching for Visalia Rawhide : RHP Eric Richards
|
Pitching: LHP Afanasy Apatenko
|
|
Batting: RHB Josh McCormick
|
0-0: Called Strike 0-1: Ball 1-1: Called Strike 1-2: Fly out, F9 (Flyball, 9D, EV 95.0 MPH)
|
Batting: SHB Jordan Barragan
|
0-0: Foul Ball, location: 2F 0-1: Ball 1-1: Ball 2-1: Swinging Strike 2-2: Ground out 6-3 (Groundball, 6, EV 97.5 MPH)
|
Batting: LHB Malik Boulay
|
0-0: Swinging Strike 0-1: Ball 1-1: Called Strike 1-2: Strikes out looking
|
Bottom of the 5th over - 0 runs, 0 hits, 0 errors, 0 left on base; Visalia 5 - Carolina 1 |
TOP OF THE 6TH |
Visalia Rawhide batting - Pitching for Carolina Mudcats : RHP Ruben Valle
|
Batting: RHB Jeremy Adams
|
0-0: Ball 1-0: Called Strike 1-1: Ball 2-1: Foul Ball, location: 2F 2-2: Ball 3-2: Ground out 5-3 (Groundball, 56, EV 87.5 MPH)
|
Batting: RHB Sergio Manzanero
|
0-0: Ball 1-0: Called Strike 1-1: Swinging Strike 1-2: Strikes out swinging
|
Batting: LHB Willie Gutierrez
|
0-0: SINGLE (Groundball, 34D, EV 97.5 MPH)
|
Batting: SHB Blaine Peters
|
0-0: Ball Willie Gutierrez steals 2nd base 1-0: Swinging Strike 1-1: Called Strike 1-2: Ball 2-2: Strikes out looking
|
Top of the 6th over - 0 runs, 1 hit, 0 errors, 1 left on base; Visalia 5 - Carolina 1 |
BOTTOM OF THE 6TH |
Carolina Mudcats batting - Pitching for Visalia Rawhide : LHP Afanasy Apatenko
|
Batting: RHB Hisayuki Akiyama
|
0-0: Called Strike 0-1: Foul Ball, location: 2F 0-2: DOUBLE (Line Drive, 5D, EV 102.5 MPH)
|
Batting: RHB Joe Young
|
0-0: Ball 1-0: Ground out 5-3 (Groundball, 56, EV 105.0 MPH)
|
Batting: LHB Erik Gretzky
|
0-0: Called Strike 0-1: Ball 1-1: Ball 2-1: Ground out 5-3 (Groundball, 5L, EV 86.2 MPH)
|
Batting: LHB Jae-ik Soung
|
0-0: Ball 1-0: Swinging Strike 1-1: Ball 2-1: Called Strike 2-2: Ball 3-2: Strikes out looking
|
Bottom of the 6th over - 0 runs, 1 hit, 0 errors, 1 left on base; Visalia 5 - Carolina 1 |
TOP OF THE 7TH |
Visalia Rawhide batting - Pitching for Carolina Mudcats : RHP Ruben Valle
|
Pitching: LHP Steve Young
|
|
Batting: RHB Alex Vasquez
|
0-0: Called Strike 0-1: Called Strike 0-2: Foul Ball, location: 2F 0-2: Ball 1-2: Foul Ball, location: 2F 1-2: Ball 2-2: Ball 3-2: Foul Ball, location: 2F 3-2: Foul Ball, location: 2F 3-2: Strikes out swinging
|
Batting: RHB Juan Espinoza
|
0-0: Ball 1-0: Ball 2-0: Called Strike 2-1: DOUBLE (Line Drive, 9LM, EV 109.4 MPH)
|
Batting: RHB Marlon Reda
|
0-0: Intentional Walk
|
Batting: LHB T.J. Duvall
|
0-0: Foul Ball, location: 2F 0-1: Called Strike 0-2: Strikes out swinging
|
Batting: RHB Chad Mendoza
|
0-0: SINGLE (Groundball, 56D, EV 96.9 MPH) Juan Espinoza to third Marlon Reda to second Runner from 3rd tries for Home, SAFE, throw by LF to home
|
Batting: RHB Jeremy Adams
|
0-0: Foul Ball, location: 2F 0-1: Ball 1-1: 3-RUN HOME RUN (Flyball, 78XD, EV 98.1 MPH), Distance : 383 ft
|
Pitching: RHP Wami Benthami
|
|
Pinch Hitting: RHB D.J. Cooke
|
0-0: Ball 1-0: Swinging Strike 1-1: Ground out 5-3 (Groundball, 56, EV 82.5 MPH)
|
Top of the 7th over - 4 runs, 3 hits, 0 errors, 0 left on base; Visalia 9 - Carolina 1 |
BOTTOM OF THE 7TH |
Carolina Mudcats batting - Pitching for Visalia Rawhide : LHP Afanasy Apatenko
|
Now at 2B: D.J. Cooke
|
|
Pinch Hitting: LHB Ryan Murdock
|
0-0: Ball 1-0: Swinging Strike 1-1: Called Strike 1-2: Ball 2-2: Strikes out swinging
|
Batting: LHB Ben Goldstein
|
0-0: Called Strike 0-1: Ball 1-1: Foul Ball, location: 2F 1-2: Ball 2-2: Foul Ball, location: 2F 2-2: Foul Ball, location: 2F 2-2: Foul Ball, location: 2F 2-2: Ground out 3-1 (Groundball, 34, EV 101.2 MPH)
|
Batting: RHB Josh McCormick
|
0-0: Foul Ball, location: 2F 0-1: Swinging Strike 0-2: Strikes out swinging
|
Bottom of the 7th over - 0 runs, 0 hits, 0 errors, 0 left on base; Visalia 9 - Carolina 1 |
TOP OF THE 8TH |
Visalia Rawhide batting - Pitching for Carolina Mudcats : RHP Wami Benthami
|
Now in LF: Ryan Murdock
|
|
Pinch Hitting: RHB Larry Hardman
|
0-0: Called Strike 0-1: Ball 1-1: Foul Ball, location: 2F 1-2: Ball 2-2: Fly out, F7 (Flyball, 7LM, EV 103.8 MPH)
|
Pinch Hitting: RHB Omar Arroyo
|
0-0: Ball 1-0: Swinging Strike 1-1: DOUBLE (Line Drive, 3D, EV 96.9 MPH)
|
Pinch Hitting: SHB Ethan Newby
|
0-0: Foul Ball, location: 2F 0-1: Ball 1-1: Called Strike 1-2: Strikes out swinging
|
Batting: RHB Juan Espinoza
|
0-0: Called Strike 0-1: Ball 1-1: Foul Ball, location: 2F 1-2: Ground out 3-1 (Groundball, 34, EV 100.0 MPH)
|
Top of the 8th over - 0 runs, 1 hit, 0 errors, 1 left on base; Visalia 9 - Carolina 1 |
BOTTOM OF THE 8TH |
Carolina Mudcats batting - Pitching for Visalia Rawhide : LHP Afanasy Apatenko
|
Now at 1B: Yasuo Nakata
|
|
Now in LF: Omar Arroyo
|
|
Now in RF: Larry Hardman
|
|
Batting: SHB Jordan Barragan
|
0-0: Ball 1-0: DOUBLE (Flyball, 8LXD, EV 104.4 MPH)
|
Pinch Hitting: RHB Jose Ramos
|
0-0: Called Strike 0-1: Swinging Strike 0-2: Strikes out looking
|
Batting: RHB Hisayuki Akiyama
|
0-0: Foul Ball, location: 2F 0-1: Foul Ball, location: 2F 0-2: Ball 1-2: Foul Ball, location: 2F 1-2: 2-RUN HOME RUN (Flyball, 7D, EV 97.5 MPH), Distance : 371 ft
|
Batting: RHB Joe Young
|
0-0: Called Strike 0-1: Swinging Strike 0-2: Strikes out swinging
|
Batting: LHB Erik Gretzky
|
0-0: Fly out, F4 (Popup, 4D, EV 71.2 MPH)
|
Bottom of the 8th over - 2 runs, 2 hits, 0 errors, 0 left on base; Visalia 9 - Carolina 3 |
TOP OF THE 9TH |
Visalia Rawhide batting - Pitching for Carolina Mudcats : RHP Wami Benthami
|
Now at 3B: Jose Ramos
|
|
Batting: RHB Marlon Reda
|
0-0: Called Strike 0-1: Ball 1-1: Called Strike 1-2: Strikes out swinging
|
Batting: LHB T.J. Duvall
|
0-0: Ball 1-0: Ground out U3 (Groundball, 3, EV 108.8 MPH)
|
Batting: RHB Chad Mendoza
|
0-0: Ball 1-0: Ball 2-0: Called Strike 2-1: Ground out 6-3 (Groundball, 6, EV 84.4 MPH)
|
Top of the 9th over - 0 runs, 0 hits, 0 errors, 0 left on base; Visalia 9 - Carolina 3 |
BOTTOM OF THE 9TH |
Carolina Mudcats batting - Pitching for Visalia Rawhide : LHP Afanasy Apatenko
|
Batting: LHB Jae-ik Soung
|
0-0: Called Strike 0-1: Ball 1-1: Ground out U3 (Groundball, 3, EV 100.0 MPH)
|
Batting: LHB Ryan Murdock
|
0-0: SINGLE (Line Drive, 4D, EV 94.4 MPH)
|
Pitching: RHP John Meyer
|
|
Batting: LHB Ben Goldstein
|
0-0: Fly out, F7 (Line Drive, 7S, EV 93.8 MPH)
|
Batting: RHB Josh McCormick
|
0-0: Ball 1-0: Ball 2-0: Called Strike 2-1: Fly out, F9 (Flyball, 9D, EV 91.2 MPH)
|
Bottom of the 9th over - 0 runs, 1 hit, 0 errors, 1 left on base; Visalia 9 - Carolina 3 |
|